 Dungeon Crawl Stone Soup version 0.20-a0-959-gdc9e609 (webtiles) character file.

97 Alarkh the Chopper (level 4, 0/34 HPs)
             Began as a Demonspawn Skald on Apr 6, 2017.
             Slain by a phantom (6 damage)
             ... on level 3 of the Dungeon.
             The game lasted 00:02:05 (2607 turns).

Alarkh the Chopper (Demonspawn Skald)               Turns: 2607, Time: 00:02:06

Health: 0/34       AC:  4    Str: 11    XL:     4   Next: 42%
Magic:  1/7        EV: 12    Int: 20    God:
Gold:   136        SH:  0    Dex: 15    Spells: 6/7 levels left

rFire    . . .     SeeInvis .   a - +0 hand axe
rCold    . . .     Gourm    .   (no shield)
rNeg     + . .     Faith    .   i - +1 leather armour {rN+}
rPois    .         Spirit   .   (no helmet)
rElec    .         Reflect  .   (no cloak)
rCorr    .         Harm     .   (no gloves)
MR       .....                  (no boots)
Stlth    ++........             (no amulet)
Regen    0.2/turn               (no ring)
MPRegen  0.1/turn               (no ring)

@: brilliant, infused (expiring)
A: thin skeletal structure 1, powered by death 1
a: no special abilities


You were on level 3 of the Dungeon.
You were not hungry.

You visited 1 branch of the dungeon, and saw 3 of its levels.

You collected 136 gold pieces.

Inventory:

Hand Weapons
 a - a +0 hand axe (weapon)
Armour
 b - a +0 leather armour
 i - a +1 leather armour of positive energy (worn)
Scrolls
 e - 3 scrolls of identify {unknown}
 f - a scroll of recharging
 g - a scroll of noise
 h - 2 scrolls of remove curse
 o - a scroll of enchant weapon {unknown}
Potions
 l - a potion of curing
Books
 c - a book of Battle

   Spells                             Type                      Level
   a - Infusion                       Charms                       1
   b - Shroud of Golubria             Charms/Translocation         2
   c - Song of Slaying                Charms                       2
   d - Spectral Weapon                Hexes/Charms                 3
   e - Regeneration                   Charms/Necromancy            3
Comestibles
 d - a bread ration
 j - 2 fruits
 k - 2 chunks of flesh
 n - a royal jelly


   Skills:
 + Level 2.5 Fighting
 * Level 3.1 Axes
 + Level 1.9 Armour
 + Level 2.4 Dodging
 - Level 2.0 Spellcasting
 - Level 2.6 Charms


You had 6 spell levels left.
You knew the following spells:

 Your Spells              Type           Power        Failure   Level  Hunger
a - Infusion              Chrm           ###.         1%          1    #......


Dungeon Overview and Level Annotations

Branches:
Dungeon (3/15)

Altars:
Fedhas
The Shining One


Innate Abilities, Weirdness & Mutations

You have a somewhat thin skeletal structure. (Dex +2, Stealth)
You regenerate a little health from kills.


Message History

The phantom hits you.
* * * LOW HITPOINT WARNING * * *
You hit the phantom!
The phantom is severely damaged.
The phantom hits you.
* * * LOW HITPOINT WARNING * * *
You hit the phantom.
The phantom is severely damaged.
The phantom barely misses you.
You hit the phantom.
The phantom is severely damaged.
The phantom hits you.
* * * LOW HITPOINT WARNING * * *
The phantom blinks!
The phantom blinks!
You barely miss the phantom.
The phantom is severely damaged.
Your magical infusion is running out.
The phantom hits you.
You die...

#.# ##..### . #..+
#+..... ..
#...#####.....# .#
###
#....8#8......#####.#
...
#.......#...........#
#
#.......#...........#
#.##
#.......#...........#
#.##
#.......#...........#
##.##
######.....W@.......#
##..##
####...........#
#...## #...........#
#...# ###########)#
#...#
#######'####(..##
.................
............##...
............##...
........(...##...


You could see a phantom.

Vanquished Creatures
  4 adders
  An ooze (D:1)
  3 worms (D:2)
  A dart slug (D:1)
  2 leopard geckos (D:1)
  4 bats
  6 giant cockroaches
  4 goblins
  6 hobgoblins
  2 kobolds
  4 frilled lizards
  7 rats
44 creatures vanquished.

Notes
Turn   | Place    | Note
-------+----------+-------------------------------------------
     0 | D:1      | Alarkh the Demonspawn Skald began the quest for the Orb.
     0 | D:1      | Reached XP level 1. HP: 16/16 MP: 3/3
    32 | D:1      | Reached skill level 1 in Armour
    50 | D:1      | Reached skill level 2 in Axes
   213 | D:1      | Gained mutation: You regenerate a little health from kills. [demonic ancestry]
   213 | D:1      | Reached XP level 2. HP: 8/22 MP: 0/5
   566 | D:1      | Found a glowing golden altar of the Shining One.
   911 | D:1      | Reached XP level 3. HP: 24/28 MP: 6/6
  1370 | D:2      | Gained mutation: You have a somewhat thin skeletal structure. (Dex +2, Stealth) [demonic ancestry]
  1370 | D:2      | Reached XP level 4. HP: 31/34 MP: 3/7
  1759 | D:2      | Reached skill level 3 in Axes
  1813 | D:2      | Found a blossoming altar of Fedhas.
  2563 | D:3      | Noticed a phantom
  2607 | D:3      | Slain by a phantom

Vault maps used:
D:1:      minmay_arrival_open_corners, tso_altar
D:2:      fedhas_altar_1
D:3:      nicolae_overflow_quartered_altars, kennysheep_decorative_pillar,
          grunt_ministairs_4

Skill      XL: |  1  2  3  4 |
---------------+-------------+-----
Armour         | 1 |  1.9
Axes           | 2 3 |  3.1
Dodging        | 2 |  2.4
Fighting       | |  2.5
Spellcasting   | |  2.0
Charms         | |  2.6

Action                   |  1- 3 |  4- 6 || total
-------------------------+-------+-------++-------
Melee: Hand axe          |   116 |    68 ||   184
 Cast: Infusion          |     5 |     3 ||     8
  Use: Potion            |     3 |     2 ||     5
       Scroll            |       |     3 ||     3
 Stab: Sleeping          |     1 |     1 ||     2
  Eat: Chunk             |     1 |     5 ||     6
Armor: Leather armour    |    20 |    14 ||    34
Dodge: Dodged            |    88 |    39 ||   127
